 Dungeon Crawl Stone Soup version 0.31-a0-233-g139696dc86 (webtiles) character file.

Game seed: 7112715803814460211

1057 qw the Skirmisher (level 8, -1/49 HPs)
             Began as a Gargoyle Hexslinger on July 8, 2023.
             Was an Initiate of Okawaru.
             Slain by a bullfrog (2 damage)
             ... on level 6 of the Dungeon.
             The game lasted 00:02:09 (4178 turns).

qw the Skirmisher (Gargoyle Hexslinger)             Turns: 4178, Time: 00:02:09

Health: -1/49      AC: 11    Str: 13    XL:     8   Next: 27%
Magic:  9/9        EV: 12    Int: 13    God:    Okawaru [......]
Gold:   299        SH:  0    Dex: 14    Spells: 8/9 levels left

rFire   . . .        Y - +0 orcbow
rCold   . . .        (shield currently unavailable)
rNeg    + . .        j - +3 leather armour {rPois}
rPois   inf          (no helmet)
rElec   +            (no cloak)
rCorr   .            (no gloves)
SInv    .            (no boots)
Will    .....        (no amulet)
Stlth   +            (no ring)
HPRegen 0.28/turn    (no ring)
MPRegen 0.11/turn

%: no passive effects
@: no status effects
A: sickness immunity, AC +5, negative energy resistance 1, electricity
resistance, torment resistance 1, petrification resistance, deterioration 1,
sense surroundings 1
a: Renounce Religion


You were on level 6 of the Dungeon.
You worshipped Okawaru.
Okawaru was noncommittal.
You visited 2 branches of the dungeon, and saw 7 of its levels.

You collected 299 gold pieces.


Innate Abilities, Weirdness & Mutations

You are immune to sickness and miasma.
Your stone body is resilient. (AC +5)
You are immune to poison.
You resist negative energy. (rN+)
You are resistant to electric shocks. (rElec)
You are resistant to unholy torment.
You are immune to petrification.
Your body sometimes deteriorates upon taking damage.
You passively map a small area around you.


   Skills:
 - Level 5.0 Fighting
 + Level 8.1 Ranged Weapons
 - Level 1.5 Armour
 - Level 2.1 Dodging
 - Level 1.0 Spellcasting
 - Level 2.6 Hexes


You had 8 spell levels left.
You knew the following spells:

 Your Spells              Type           Power      Damage    Failure   Level
a - Slow                  Hex            28%        N/A       12%         1

Your spell library contained the following spells:

 Spells                   Type           Power      Damage    Failure   Level
 Inner Flame              Hex/Fire       4%         N/A       52%         3
 Portal Projectile        Hex/Tloc       8%         N/A       52%         3
 Cause Fear               Hex            3%         N/A       75%         4

Inventory:

Hand Weapons
 Y - a +0 orcbow (weapon)
Armour
 j - a +3 leather armour of poison resistance (worn)
Wands
 k - a wand of digging (6)
Scrolls
 h - a scroll of identify
Potions
 a - a potion of curing
 b - a potion of mutation
 e - a potion of might
 f - a potion of degeneration {unknown}

Dungeon Overview and Level Annotations

Branches:
Dungeon (6/15)             Temple (1/1) D:5

Altars:
Ashenzari
Cheibriados
Dithmenos
Elyvilon
Fedhas
Gozag
Hepliaklqana
Kikubaaqudgha
Makhleb
Nemelex Xobeh
Okawaru
Qazlal
Ru
Sif Muna
Trog
Uskayaw
Vehumet
Wu Jian
Xom
Yredelemnul
Zin
The Shining One


Message History

The ice beast hits you but does no damage.
You shoot an arrow.
The arrow hits the ice beast but does no damage.
The ice beast is lightly wounded.
The ice beast hits you but does no damage.
You shoot an arrow. The arrow barely misses the ice beast.
The ice beast hits you but does no damage.
You shoot an arrow. The arrow closely misses the ice beast.
The ice beast hits you but does no damage.
You shoot an arrow.
The arrow completely misses the ice beast.
The ice beast hits you. The ice beast freezes you!
You shoot an arrow.
The arrow hits the ice beast but does no damage.
The ice beast is lightly wounded.
The ice beast hits you. The ice beast freezes you!
4171 ||| READING scroll of teleportation.
As you read the scroll of teleportation, it crumbles to dust.
You feel strangely unstable.
The ice beast hits you but does no damage.
You shoot an arrow. The arrow hits the ice beast.
The ice beast is moderately wounded.
The ice beast hits you but does no damage.
You shoot an arrow. The arrow barely misses the ice beast.
The ice beast hits you but does no damage.
You shoot an arrow. The arrow closely misses the ice beast.
Your surroundings suddenly seem different.
A bullfrog comes into view.
You shoot an arrow. The arrow closely misses the bullfrog.
The bullfrog gives a loud, deep croak!
You shoot an arrow.
The arrow completely misses the bullfrog.
The bullfrog hits you.
You shoot an arrow. The arrow hits the bullfrog.
The bullfrog is lightly wounded.
The bullfrog misses you. The bullfrog hits you.
You shoot an arrow. The arrow hits the bullfrog.
The bullfrog is lightly wounded.
The bullfrog hits you.
You die...

########
#.F....#
* * *
#@# * ,
, #.# ,
, ,...,
* ##.##
* , *
#.# ,
### *


You could see a bullfrog.

Vanquished Creatures
  2 water moccasins (D:5)
  A black bear (D:4)
  An ogre (D:5)
  A centaur (D:5)
  A phantom (D:5)
  A scorpion (D:5)
  A howler monkey (D:5)
  A jelly (D:6)
  2 sleepcaps
  Jessica (D:3)
  Ijyb (D:3)
  3 iguanas
  2 orc wizards (D:5)
  9 adders
  A shadow imp (D:5)
  A worm (D:4)
  10 orcs
  4 endoplasms
  13 goblins
  7 hobgoblins
  9 jackals
  7 ball pythons
  5 bats
  3 frilled lizards
  6 kobolds
  8 rats
101 creatures vanquished.

Notes
Turn   | Place    | Note
-------+----------+-------------------------------------------
     0 | D:1      | qw the Gargoyle Hexslinger began the quest for the Orb.
     0 | D:1      | Reached XP level 1. HP: 12/12 MP: 2/2
     0 | D:1      | 0 ||| qw: Version: 0.3-a-46-gb1f654a
     0 | D:1      | 0 ||| qw: Game counter: 3428
     0 | D:1      | 0 ||| qw: Melee chars always use a shield: true
     0 | D:1      | 0 ||| qw: God list: Okawaru
     0 | D:1      | 0 ||| qw: Allow faded altars: false
     0 | D:1      | 0 ||| qw: Do Orc after clearing Dungeon:15 true
     0 | D:1      | 0 ||| qw: Do second Lair branch before Depths: true
     0 | D:1      | 0 ||| qw: Lair rune preference: random
     0 | D:1      | 0 ||| qw: Goals: Normal
     0 | D:1      | 0 ||| PLANNING D:1-11
   118 | D:1      | 118 ||| SWAPPING to +0 orcbow.
   120 | D:1      | 120 ||| DROPPING +1 sling.
   130 | D:1      | Reached XP level 2. HP: 16/16 MP: 3/3
   538 | D:1      | 538 ||| UPGRADING to +0 ring mail.
   548 | D:1      | 548 ||| DROPPING +0 robe.
   549 | D:1      | 549 ||| READING 4 scrolls labelled WOXTAI GANUL.
   554 | D:1      | 554 ||| READING scroll labelled OZXUIB ROORER.
   555 | D:1      | 555 ||| DRINKING 2 fizzy red potions.
   556 | D:1      | 556 ||| DROPPING scroll of poison.
   638 | D:2      | Reached skill level 3 in Ranged Weapons
   702 | D:2      | Reached XP level 3. HP: 17/20 MP: 4/4
   754 | D:2      | HP: 4/20 [jackal (2)]
   755 | D:2      | 755 ||| READING 3 scrolls of teleportation.
   759 | D:2      | 759 ||| FLEEEEING.
   760 | D:2      | 760 ||| FLEEEEING.
   761 | D:2      | 761 ||| FLEEEEING.
   762 | D:2      | 762 ||| FLEEEEING.
   763 | D:2      | 763 ||| FLEEEEING.
   764 | D:2      | 764 ||| FLEEEEING.
   767 | D:2      | 767 ||| FLEEEEING.
   768 | D:2      | 768 ||| FLEEEEING.
   769 | D:2      | 769 ||| FLEEEEING.
   773 | D:2      | 773 ||| FLEEEEING.
   774 | D:2      | 774 ||| FLEEEEING.
   775 | D:2      | 775 ||| FLEEEEING.
   776 | D:2      | 776 ||| FLEEEEING.
   778 | D:2      | 778 ||| STAIRDANCE
   831 | D:2      | 831 ||| STAIRDANCE
  1309 | D:2      | 1309 ||| READING scroll labelled OCYOHO OHUUZYULUEG.
  1322 | D:3      | Reached XP level 4. HP: 26/26 MP: 5/5
  1327 | D:3      | Identified the +9 quarterstaff "Vanac" {venom, rPois rC+
                  | Str+3}
  1381 | D:3      | Reached skill level 4 in Ranged Weapons
  1440 | D:3      | Noticed Jessica
  1448 | D:3      | Killed Jessica
  1449 | D:3      | Reached skill level 1 in Armour
  1975 | D:3      | Reached XP level 5. HP: 23/30 MP: 6/6
  2132 | D:3      | Noticed Ijyb
  2156 | D:3      | Killed Ijyb
  2367 | D:3      | 2367 ||| UPGRADING to +3 leather armour of poison
                  | resistance.
  2377 | D:3      | 2377 ||| DROPPING +0 ring mail.
  2378 | D:3      | 2378 ||| DROPPING ring of magical power.
  2379 | D:3      | 2379 ||| READING scroll labelled VEOCOIDIOS.
  2380 | D:3      | 2380 ||| READING 2 scrolls labelled TOIBEN JONIEH.
  2381 | D:3      | 2381 ||| READING scroll labelled XAATUE ZYGOTT.
  2382 | D:3      | 2382 ||| DROPPING scroll of revelation.
  2442 | D:4      | Found a sparkling altar of Nemelex Xobeh.
  2444 | D:4      | Found a glowing silver altar of Zin.
  2444 | D:4      | Found a sacrificial altar of Ru.
  2476 | D:4      | Reached skill level 5 in Ranged Weapons
  2540 | D:4      | Noticed a black bear
  2550 | D:4      | Killed a black bear
  2551 | D:4      | Reached skill level 3 in Fighting
  2551 | D:4      | Reached XP level 6. HP: 22/38 MP: 7/7
  2745 | D:4      | Found a snail-covered altar of Cheibriados.
  2788 | D:4      | Found a burning altar of Makhleb.
  2925 | D:4      | Found an opulent altar of Gozag.
  2932 | D:4      | Found a hide-covered altar of Uskayaw.
  3059 | D:4      | 3059 ||| READING scroll labelled WEAGIE FELUN.
  3060 | D:4      | 3060 ||| DRINKING 3 fizzy white potions.
  3061 | D:4      | 3061 ||| DRINKING 2 viscous clear potions.
  3061 | D:4      | Gained mutation: Your body sometimes deteriorates upon
                  | taking damage. [potion of mutation]
  3061 | D:4      | Gained mutation: You passively map a small area around you.
                  | [potion of mutation]
  3062 | D:4      | 3062 ||| READING 2 scrolls of identify.
  3062 | D:4      | 3062 ||| IDENTIFYING smoky golden potion
  3088 | D:5      | Entered Level 5 of the Dungeon
  3091 | D:5      | 3091 ||| STAIRDANCE
  3163 | D:5      | Noticed a water moccasin
  3181 | D:5      | Killed a water moccasin
  3182 | D:5      | Reached skill level 6 in Ranged Weapons
  3182 | D:5      | Reached XP level 7. HP: 18/42 MP: 8/8
  3353 | D:5      | 3353 ||| DRINKING 2 potions of curing.
  3353 | D:5      | 3353 ||| (to cure confusion)
  3354 | D:5      | 3354 ||| Stepping ~*~*~tactically~*~*~ (outnumbered).
  3357 | D:5      | 3357 ||| Stepping ~*~*~tactically~*~*~ (outnumbered).
  3452 | D:5      | Found a staircase to the Ecumenical Temple.
  3453 | D:5      | 3453 ||| PLANNING TEMPLE
  3479 | D:5      | HP: 10/44 [iguana (5)]
  3480 | D:5      | 3480 ||| READING 4 scrolls of teleportation.
  3480 | D:5      | HP: 4/44 [iguana (3)]
  3481 | D:5      | 3481 ||| DRINKING potion of heal wounds.
  3484 | D:5      | Reached skill level 7 in Ranged Weapons
  3484 | D:5      | 3484 ||| READING 3 scrolls of teleportation.
  3486 | D:5      | HP: 6/44 [orc/+0 dagger (3)]
  3493 | D:5      | 3493 ||| READING 2 scrolls of teleportation.
  3494 | D:5      | HP: 5/44 [scorpion (3)]
  3498 | D:5      | 3498 ||| FLEEEEING.
  3499 | D:5      | 3499 ||| FLEEEEING.
  3500 | D:5      | 3500 ||| FLEEEEING.
  3502 | D:5      | 3502 ||| FLEEEEING.
  3506 | D:5      | 3506 ||| FLEEEEING.
  3507 | D:5      | 3507 ||| FLEEEEING.
  3508 | D:5      | 3508 ||| FLEEEEING.
  3509 | D:5      | 3509 ||| FLEEEEING.
  3516 | D:5      | 3516 ||| STAIRDANCE
  3637 | D:5      | 3637 ||| STAIRDANCE
  3650 | D:5      | 3650 ||| STAIRDANCE
  3722 | D:5      | Reached XP level 8. HP: 44/48 MP: 9/9
  3750 | D:5      | Reached skill level 8 in Ranged Weapons
  3759 | Temple   | Entered the Ecumenical Temple
  3760 | Temple   | 3760 ||| PLANNING OKAWARU WORSHIP
  3766 | Temple   | Became a worshipper of Warmaster Okawaru
  3767 | Temple   | 3767 ||| PLANNING D:1-11
  3850 | D:5      | 3850 ||| Stepping ~*~*~tactically~*~*~ (outnumbered).
  4078 | D:5      | 4078 ||| READING scroll labelled NAHUIR RI GUSA.
  4170 | D:6      | HP: 4/49 [ice beast (11)]
  4171 | D:6      | 4171 ||| READING scroll of teleportation.
  4176 | D:6      | HP: 2/49 [bullfrog (4)]
  4178 | D:6      | Slain by a bullfrog

Levels and vault maps discovered:
D:1:      mrwooster_arrival_statue, layout_basic, minmay_misc_feat_enclosed
D:2:      layout_loops_ring
D:3:      kennysheep_goblin_castle, layout_loops_ring, uniq_jessica
D:4:      layout_rooms, nicolae_overflow_squiral,
          nicolae_overflow_quartered_altars, mainiacjoe_overflow_alcove_2
D:5:      layout_cave_pools, minmay_temple_entry_grid, st_stairs_14
D:6:      layout_loops_cross, kennysheep_nondescript, supply_closet_lemuel,
          uniq_crazy_yiuf_cottage
Temple:   nicolae_temple_no_exploring_needed

Skill      XL: |  1  2  3  4  5  6  7  8 |
---------------+-------------------------+-----
Ranged Weapons | 3 4 5 6 7 8 |  8.1
Fighting       | 2 3 4 5 |  5.0
Armour         | 1 |  1.5
Dodging        | 2 |  2.1
Spellcasting   | |  1.0
Hexes          | |  2.6

Action                     |  1- 3 |  4- 6 |  7- 9 || total
---------------------------+-------+-------+-------++-------
   Fire: Sling             |    14 |       |       ||    14
         Orcbow            |   120 |   268 |   148 ||   536
    Use: Scroll            |     4 |     5 |     5 ||    14
         Potion            |     1 |     2 |     2 ||     5
 Armour: Ring mail         |    57 |   115 |       ||   172
         Robe              |     5 |       |       ||     5
         Leather armour    |       |    36 |    71 ||   107
  Dodge: Dodged            |    78 |   167 |    67 ||   312

Table legend:
 A = Non-vault XP
 B = Vault XP
 C = Vault XP percentage of total XP
 D = Non-vault monster count
 E = Vault monster count
 F = Vault count percentage of total count
                 A         B        C        D         E       F
            +---------+---------+-------+---------+---------+-------
      Total |    1234 |     277 |  18.3 |      86 |      15 |  14.9
            +---------+---------+-------+---------+---------+-------
        D:1 |      17 |       0 |   0.0 |      13 |       0 |   0.0
        D:2 |      62 |       0 |   0.0 |      17 |       0 |   0.0
        D:3 |      71 |      93 |  56.7 |      21 |      13 |  38.2
        D:4 |     252 |      37 |  12.8 |      16 |       1 |   5.9
        D:5 |     787 |     147 |  15.7 |      18 |       1 |   5.3
        D:6 |      45 |       0 |   0.0 |       1 |       0 |   0.0
            +---------+---------+-------+---------+---------+-------
